 Dungeon Crawl Stone Soup version 0.30-a0-459-g9104f0fc43 (webtiles) character file.

Game seed: 11467768638488971717

6 cforsyth the Shield-Bearer (level 1, 0/22 HPs)
             Began as a Troll Fighter on Dec 16, 2022.
             Slain by a gnoll
             ... wielding a +0 flail
              (12 damage)
             ... on level 1 of the Dungeon.
             The game lasted 00:00:11 (69 turns).

cforsyth the Shield-Bearer (Troll Fighter)            Turns: 69, Time: 00:00:11

Health: 0/22       AC:  4    Str: 23    XL:     1   Next: 75%
Magic:  0/0        EV:  8    Int:  4    God:
Gold:   0          SH:  7    Dex:  9    Spells: 0/0 levels left

rFire   . . .      SeeInvis .      - Unarmed
rCold   . . .      Faith    .    b - +0 kite shield
rNeg    . . .      Spirit   .    a - +0 robe
rPois   .          Reflect  .    (helmet restricted)
rElec   .          Harm     .    (no cloak)
rCorr   .          Rampage  .    (gloves unavailable)
Will    .....                    (boots unavailable)
Stlth   +.........               (no amulet)
HPRegen 1.03/turn                (no ring)
MPRegen 0.07/turn                (no ring)

@: no status effects
A: large, unfitting armour, claws 3, regeneration 1, shaggy fur 1, tough skin 1
a: no special abilities


You were on level 1 of the Dungeon.
You visited 1 branch of the dungeon, and saw 1 of its levels.

Inventory:

Armour
 a - a +0 robe (worn)
 b - a +0 kite shield (worn)
Potions
 c - a potion of might


   Skills:
 + Level 2.5 Fighting
 - Level 2.4 Dodging
 + Level 2.8 Shields
 * Level 2.2 Unarmed Combat


You couldn't memorise any spells.
You didn't know any spells.
Your spell library was empty.

Dungeon Overview and Level Annotations

Branches:
Dungeon (1/15)

Altars:


Innate Abilities, Weirdness & Mutations

You are too large for most types of armour.
You have claws for hands.
Your natural rate of healing is unusually fast.
You are covered in fur. (AC +1)
You have tough skin. (AC +1)


Message History

Found a war axe.
You block the goblin's attack.
You barely miss the goblin. You block the goblin's attack.
A gnoll comes into view. It is wielding a +0 flail.
You scratch the goblin but do no damage.
You block the goblin's attack.
You closely miss the goblin.
The dart slug bites you but does no damage.
The goblin hits you with a +0 club.
You are too injured to fight recklessly!
You are too injured to fight recklessly!
You are too injured to fight recklessly!
You are too injured to fight recklessly!
You are too injured to fight recklessly!
You are too injured to fight recklessly!
You are too injured to fight recklessly!
You are too injured to fight recklessly!
You are too injured to fight recklessly!
You are too injured to fight recklessly!
You are too injured to fight recklessly!
You are too injured to fight recklessly!
You claw the dart slug!
You kill the dart slug!
You block the goblin's attack. The goblin hits you but does no damage.
You see here a dart slug corpse.
You claw the goblin!
You kill the goblin!
You block the kobold's attack.
You scratch the kobold.
The kobold is moderately wounded.
The kobold hits you but does no damage.
You scratch the kobold.
The kobold is severely wounded.
The kobold hits you with a +0 club. You block the gnoll's attack.
The gnoll hits you with a +0 flail. The kobold hits you with a +0 club.
You claw the kobold!
You kill the kobold!
The gnoll hits you with a +0 flail!
Ouch! That really hurt!
You die...

## ##.#### # #.....#
####.. # #.....#
#...... # #.....#
##....... # #.....#
#........ # #.....#
#........ # ##.....#
#........ #
#....^.#####+#g)......
#
#..........#..@......#
#
#.....................
#
#............=)......#
#...................).
##....................
#.........#...........
#.........##..........
#.........###.........
.........# .......


You could see a gnoll.

Vanquished Creatures
  A dart slug (D:1)
  A goblin (D:1)
  2 frilled lizards (D:1)
  2 kobolds (D:1)
6 creatures vanquished.

Notes
Turn   | Place    | Note
-------+----------+-------------------------------------------
     0 | D:1      | cforsyth the Troll Fighter began the quest for the Orb.
     0 | D:1      | Reached XP level 1. HP: 22/22 MP: 0/0
    69 | D:1      | Slain by a gnoll

Illustrated notes

Levels and vault maps discovered:
D:1:      tarquinn_simple_flora_water_e, layout_rooms,
          shapermc_ecumenical_altar_ellora, minmay_misc_feat_more_columns,
          corexii_corridor_pit

Action                   || total
-------------------------++-------
Melee: Unarmed           ||    20
Armor: Robe              ||     4
Dodge: Dodged            ||     2
Block: Kite shield       ||    11

Table legend: (Time is in decaauts)
 A = Elapsed time spent in this place.
 B = Non-inter-level travel time spent in this place.
 C = Inter-level travel time spent in this place.
 D = Time resting spent in this place.
 E = Time spent auto-exploring this place.
 F = Levels seen in this place.
 G = Mean time per level.
                   A        B        C        D        E       F      G
               +--------+--------+--------+--------+--------+-----+--------+
         Total |     71 |     71 |      0 |      0 |     31 |   1 |   71.0 |
       Dungeon |     71 |     71 |      0 |      0 |     31 |   1 |   71.0 |
               +--------+--------+--------+--------+--------+-----+--------+

Top non-repeatable levels by time:
     D:1: 71 daAuts
